| TOP OF THE 1ST |
|
Helena Brewers batting - Pitching for Kingsport Mets : LHP David Salcido
|
|
Pitching: LHP David Salcido
|
|
|
Batting: RHB Jose Cerritos
|
0-0: SINGLE (Groundball, 6MD, EV 105.6 MPH) (infield hit)
|
|
Batting: RHB Victor Alarcon
|
0-0: Ball 1-0: Called Strike 1-1: Ball 2-1: Ground out 4-3 (Groundball, 34, EV 110.0 MPH) Jose Cerritos to second
|
|
Batting: RHB Dan Allred
|
0-0: Called Strike 0-1: Ball 1-1: Ball 2-1: Called Strike Jose Cerritos steals 3rd base 2-2: Strikes out swinging
|
|
Batting: SHB Jerry Duffy
|
0-0: Ball 1-0: Ball 2-0: Ball 3-0: Hit by Pitch
|
|
Batting: LHB Karel Hort
|
0-0: Foul Ball, location: 2F 0-1: Foul Ball, location: 2F 0-2: Foul Ball, location: 2F 0-2: 3-RUN HOME RUN (Flyball, 9LD, EV 99.4 MPH), Distance : 379 ft
|
|
Batting: SHB Orlando Torres
|
0-0: Ball 1-0: SINGLE (Flyball, 3D, EV 98.8 MPH) - OUT at second base trying to stretch hit.
|
| Top of the 1st over - 3 runs, 3 hits, 0 errors, 0 left on base; Helena 3 - Kingsport 0 |
| BOTTOM OF THE 1ST |
|
Kingsport Mets batting - Pitching for Helena Brewers : RHP Adam Robinson
|
|
Pitching: RHP Adam Robinson
|
|
|
Batting: SHB Tyler Maddux
|
0-0: Ball 1-0: SOLO HOME RUN (Line Drive, 9LD, EV 92.5 MPH), Distance : 337 ft
|
|
Batting: LHB Jeremy Moorehead
|
0-0: Called Strike 0-1: Ball 1-1: Ball 2-1: Foul Ball, location: 2F 2-2: Ball 3-2: Base on Balls
|
|
Batting: LHB Dan Bremseth
|
0-0: Swinging Strike 0-1: Called Strike Jeremy Moorehead steals 2nd base (no throw) 0-2: Ball 1-2: Ball 2-2: Ball Passed Ball! Jeremy Moorehead to third 3-2: Base on Balls
|
|
Batting: LHB Miguel Ramos
|
0-0: Called Strike 0-1: 3-RUN HOME RUN (Flyball, 89XD, EV 98.8 MPH), Distance : 393 ft
|
|
Batting: SHB Nick Daigle
|
0-0: Called Strike 0-1: Ball 1-1: Ball 2-1: Swinging Strike 2-2: Strikes out looking
|
|
Batting: LHB Matt Baker
|
0-0: SOLO HOME RUN (Flyball, 9D, EV 98.1 MPH), Distance : 366 ft
|
|
Batting: RHB Chris Graham
|
0-0: SINGLE (Line Drive, 6MD, EV 107.5 MPH)
|
|
Batting: RHB Roberto Delgado
|
0-0: Foul Ball, location: 2F 0-1: Ball 1-1: Ball 2-1: Ball 3-1: Foul Ball, location: 2F 3-2: Strikes out swinging
|
|
Batting: RHB Coltin Nellis
|
0-0: Called Strike 0-1: Ball Wild Pitch! Chris Graham to second 1-1: Ball 2-1: Ball 3-1: Foul Ball, location: 2F 3-2: Base on Balls
|
|
Batting: SHB Tyler Maddux
|
0-0: Ball 1-0: DOUBLE (Line Drive, 7LM, EV 103.8 MPH) Chris Graham scores Coltin Nellis to third Runner from 3rd tries for Home, SAFE, throw by LF to home
|
|
Batting: LHB Jeremy Moorehead
|
0-0: Ball 1-0: Ground out 4-3 (Groundball, 34D, EV 85.6 MPH)
|
| Bottom of the 1st over - 7 runs, 5 hits, 0 errors, 1 left on base; Helena 3 - Kingsport 7 |
| TOP OF THE 2ND |
|
Helena Brewers batting - Pitching for Kingsport Mets : LHP David Salcido
|
|
Batting: LHB Mark Backstrom
|
0-0: Called Strike 0-1: Ball 1-1: Ball 2-1: Ball 3-1: Foul Ball, location: 2F 3-2: Foul Ball, location: 2F 3-2: Base on Balls
|
|
Batting: RHB Michael Dickerson
|
0-0: SINGLE (Groundball, 6D, EV 107.5 MPH) Mark Backstrom to second
|
|
Batting: RHB Gil Sanchez
|
0-0: Foul Ball, location: 2F 0-1: Swinging Strike 0-2: Ball 1-2: Foul Ball, location: 2F 1-2: Strikes out swinging
|
|
Batting: RHB Jose Cerritos
|
0-0: Called Strike 0-1: Foul Ball, location: 2F 0-2: Foul Ball, location: 2F 0-2: Ball Wild Pitch! Mark Backstrom to third Michael Dickerson to second 1-2: Foul Ball, location: 2F 1-2: Ball 2-2: Foul Ball, location: 2F 2-2: DOUBLE (Flyball, 89D, EV 110.0 MPH) Mark Backstrom scores Michael Dickerson scores
|
|
Batting: RHB Victor Alarcon
|
0-0: Called Strike 0-1: Ball 1-1: SINGLE (Groundball, 15S, EV 70.0 MPH) (infield hit) Jose Cerritos to third
|
|
Batting: RHB Dan Allred
|
0-0: Ball Victor Alarcon steals 2nd, throwing error, E2 Jose Cerritos scores Victor Alarcon to third 1-0: DOUBLE (Line Drive, 89D, EV 107.5 MPH) Victor Alarcon scores
|
|
Pitching: RHP Antonio Reyes
|
|
|
Batting: SHB Jerry Duffy
|
0-0: Foul Ball, location: 2F 0-1: Ball 1-1: Swinging Strike 1-2: Ball 2-2: Strikes out swinging
|
|
Batting: LHB Karel Hort
|
0-0: Called Strike 0-1: Ball 1-1: Ground out 4-3 (Groundball, 34D, EV 101.9 MPH)
|
| Top of the 2nd over - 4 runs, 4 hits, 1 error, 1 left on base; Helena 7 - Kingsport 7 |
| BOTTOM OF THE 2ND |
|
Kingsport Mets batting - Pitching for Helena Brewers : RHP Adam Robinson
|
|
Batting: LHB Dan Bremseth
|
0-0: Ball 1-0: Ball 2-0: Called Strike 2-1: Ball 3-1: Foul Ball, location: 2F 3-2: Foul Ball, location: 2F 3-2: Base on Balls
|
|
Batting: LHB Miguel Ramos
|
0-0: Called Strike 0-1: Ball 1-1: Ball Dan Bremseth is caught stealing 2nd base 2-6 2-1: Foul Ball, location: 2F 2-2: Fly out, F8 (Flyball, 89D, EV 96.2 MPH)
|
|
Batting: SHB Nick Daigle
|
0-0: Called Strike 0-1: Ground out U3 (Groundball, 3L, EV 90.6 MPH)
|
| Bottom of the 2nd over - 0 runs, 0 hits, 0 errors, 0 left on base; Helena 7 - Kingsport 7 |
| TOP OF THE 3RD |
|
Helena Brewers batting - Pitching for Kingsport Mets : RHP Antonio Reyes
|
|
Batting: SHB Orlando Torres
|
0-0: Ball 1-0: SOLO HOME RUN (Flyball, 9D, EV 98.8 MPH), Distance : 367 ft
|
|
Batting: LHB Mark Backstrom
|
0-0: Foul Ball, location: 2F 0-1: Ball 1-1: Swinging Strike 1-2: SOLO HOME RUN (Flyball, 89XD, EV 105.6 MPH), Distance : 397 ft
|
|
Batting: RHB Michael Dickerson
|
0-0: Ball 1-0: Called Strike 1-1: Ball 2-1: Fly out, F5 (Popup, 56, EV 58.8 MPH)
|
|
Batting: RHB Gil Sanchez
|
0-0: Ball 1-0: Called Strike 1-1: Ball 2-1: Foul Ball, location: 2F 2-2: Ground out 5-3 (Groundball, 56, EV 82.5 MPH)
|
|
Batting: RHB Jose Cerritos
|
0-0: Called Strike 0-1: Fly out, F8 (Flyball, 8LD, EV 96.9 MPH)
|
| Top of the 3rd over - 2 runs, 2 hits, 0 errors, 0 left on base; Helena 9 - Kingsport 7 |
| BOTTOM OF THE 3RD |
|
Kingsport Mets batting - Pitching for Helena Brewers : RHP Adam Robinson
|
|
Batting: LHB Matt Baker
|
0-0: Ball 1-0: Ground out 6-3 (Groundball, 6MS, EV 88.8 MPH)
|
|
Batting: RHB Chris Graham
|
0-0: Ball 1-0: Ball 2-0: Ball 3-0: Called Strike 3-1: Foul Ball, location: 2F 3-2: Base on Balls
|
|
Batting: RHB Roberto Delgado
|
0-0: Called Strike 0-1: Fly out, F7 (Flyball, 7, EV 86.9 MPH)
|
|
Batting: RHB Coltin Nellis
|
0-0: Called Strike Chris Graham steals 2nd base 0-1: SINGLE (Line Drive, 8RS, EV 98.1 MPH) Chris Graham to third Runner from 3rd tries for Home, SAFE, throw by CF to home
|
|
Pitching: RHP Josh Brakefield
|
|
|
Batting: SHB Tyler Maddux
|
0-0: Ball 1-0: Ball 2-0: Foul Ball, location: 2F 2-1: Foul Ball, location: 2F 2-2: Foul Ball, location: 2F 2-2: Foul Ball, location: 2F 2-2: TRIPLE (Flyball, 78XD, EV 96.2 MPH) Coltin Nellis scores
|
|
Batting: LHB Jeremy Moorehead
|
0-0: Called Strike 0-1: Ball 1-1: Ground out 1-3 (Groundball, 34S, EV 68.1 MPH)
|
| Bottom of the 3rd over - 2 runs, 2 hits, 0 errors, 1 left on base; Helena 9 - Kingsport 9 |
| TOP OF THE 4TH |
|
Helena Brewers batting - Pitching for Kingsport Mets : RHP Antonio Reyes
|
|
Batting: RHB Victor Alarcon
|
0-0: Ball 1-0: Fly out, F9 (Flyball, 89M, EV 97.5 MPH)
|
|
Batting: RHB Dan Allred
|
0-0: Ball 1-0: Fly out, F8 (Flyball, 8RM, EV 90.6 MPH)
|
|
Batting: SHB Jerry Duffy
|
0-0: Ball 1-0: Ball 2-0: Called Strike 2-1: Ball 3-1: Foul Ball, location: 2F 3-2: Foul Ball, location: 2F 3-2: Foul Ball, location: 2F 3-2: Foul Ball, location: 2F 3-2: Ground out 4-3 (Groundball, 4M, EV 84.4 MPH)
|
| Top of the 4th over - 0 runs, 0 hits, 0 errors, 0 left on base; Helena 9 - Kingsport 9 |
| BOTTOM OF THE 4TH |
|
Kingsport Mets batting - Pitching for Helena Brewers : RHP Josh Brakefield
|
|
Batting: LHB Dan Bremseth
|
0-0: Ball 1-0: Ball 2-0: Foul Ball, location: 2F 2-1: Ball 3-1: Called Strike 3-2: SINGLE (Groundball, 34D, EV 101.2 MPH)
|
|
Batting: LHB Miguel Ramos
|
0-0: Ball 1-0: Foul Ball, location: 2F 1-1: Called Strike 1-2: Strikes out looking
|
|
Pitching: LHP Tony Salazar
|
|
|
Batting: SHB Nick Daigle
|
0-0: Ball Dan Bremseth is caught stealing 2nd base 2-4 1-0: Ball 2-0: Ball 3-0: Base on Balls
|
|
Batting: LHB Matt Baker
|
0-0: Called Strike 0-1: Called Strike 0-2: SINGLE (Line Drive, 34, EV 102.5 MPH) Nick Daigle to second
|
|
Batting: RHB Chris Graham
|
0-0: Ball 1-0: Foul Ball, location: 2F 1-1: Foul Ball, location: 2F 1-2: Foul Ball, location: 2F 1-2: Foul Ball, location: 2F 1-2: DOUBLE (Line Drive, 78XD, EV 100.0 MPH) Nick Daigle scores Matt Baker to third Runner from 3rd tries for Home, SAFE, throw by CF to trailing runner, SAFE at third!
|
|
Batting: RHB Roberto Delgado
|
0-0: Ball 1-0: SINGLE (Line Drive, 6MD, EV 110.6 MPH) Chris Graham scores
|
|
Batting: RHB Coltin Nellis
|
0-0: Foul Ball, location: 2F 0-1: Fielders Choice at 2nd, 6-4 (Groundball, 6, EV 106.9 MPH)
|
| Bottom of the 4th over - 3 runs, 4 hits, 0 errors, 1 left on base; Helena 9 - Kingsport 12 |
| TOP OF THE 5TH |
|
Helena Brewers batting - Pitching for Kingsport Mets : RHP Antonio Reyes
|
|
Batting: LHB Karel Hort
|
0-0: DOUBLE (Flyball, 8LXD, EV 108.1 MPH)
|
|
Pitching: RHP Jose Herrera
|
|
|
Batting: SHB Orlando Torres
|
0-0: Swinging Strike Passed Ball! Karel Hort to third 0-1: Ground out 4-3 (Groundball, 4, EV 83.8 MPH) Karel Hort scores
|
|
Batting: LHB Mark Backstrom
|
0-0: Ball 1-0: SINGLE (Flyball, 5D, EV 91.2 MPH)
|
|
Batting: RHB Michael Dickerson
|
0-0: Ball 1-0: SINGLE (Groundball, 34D, EV 99.4 MPH) Mark Backstrom to second
|
|
Batting: RHB Alfredo Sena
|
0-0: Ball 1-0: Ball Wild Pitch! Mark Backstrom to third Michael Dickerson to second 2-0: SINGLE (Line Drive, 7S, EV 101.2 MPH) Mark Backstrom scores Michael Dickerson to third Runner from 3rd tries for Home, SAFE, throw by LF to home
|
|
Batting: RHB Jose Cerritos
|
0-0: Swinging Strike 0-1: Swinging Strike 0-2: Foul Ball, location: 2F 0-2: Strikes out swinging
|
|
Batting: RHB Victor Alarcon
|
0-0: Ball 1-0: Swinging Strike 1-1: Called Strike 1-2: Strikes out swinging
|
| Top of the 5th over - 3 runs, 4 hits, 0 errors, 1 left on base; Helena 12 - Kingsport 12 |
| BOTTOM OF THE 5TH |
|
Kingsport Mets batting - Pitching for Helena Brewers : LHP Tony Salazar
|
|
Batting: SHB Tyler Maddux
|
0-0: Ball 1-0: Called Strike 1-1: SOLO HOME RUN (Flyball, 89XD, EV 104.4 MPH), Distance : 408 ft
|
|
Pitching: LHP Jon Ortiz
|
|
|
Batting: LHB Jeremy Moorehead
|
0-0: Ball 1-0: Called Strike 1-1: Ball 2-1: Ball 3-1: SINGLE (Groundball, 34D, EV 96.9 MPH)
|
|
Batting: LHB Dan Bremseth
|
0-0: Called Strike 0-1: Ball 1-1: Ball 2-1: Foul Ball, location: 2F 2-2: SINGLE (Line Drive, 4M, EV 111.9 MPH) Jeremy Moorehead to second
|
|
Batting: LHB Miguel Ramos
|
0-0: Ball 1-0: Ball 2-0: Called Strike 2-1: Foul Ball, location: 2F 2-2: Foul Ball, location: 2F 2-2: Ball 3-2: Fly out, F6 (Line Drive, 6, EV 64.4 MPH) Lined into DP, 6-4 (Line Drive, 6, EV 67.5 MPH)
|
|
Batting: SHB Nick Daigle
|
0-0: Called Strike 0-1: Fielders Choice at 2nd, 6-4 (Groundball, 6, EV 105.0 MPH)
|
| Bottom of the 5th over - 1 run, 3 hits, 0 errors, 1 left on base; Helena 12 - Kingsport 13 |
| TOP OF THE 6TH |
|
Helena Brewers batting - Pitching for Kingsport Mets : RHP Jose Herrera
|
|
Pitching: RHP Pat Sprague
|
|
|
Batting: RHB Dan Allred
|
0-0: Ball 1-0: Swinging Strike 1-1: Swinging Strike 1-2: Foul Ball, location: 2F 1-2: Strikes out swinging
|
|
Batting: SHB Jerry Duffy
|
0-0: Foul Ball, location: 2F 0-1: Ball 1-1: Swinging Strike 1-2: Strikes out looking
|
|
Batting: LHB Karel Hort
|
0-0: SINGLE (Flyball, 9LS, EV 87.5 MPH)
|
|
Batting: SHB Orlando Torres
|
0-0: Ball 1-0: Ball Wild Pitch! Karel Hort to second 2-0: Ball Wild Pitch! Karel Hort to third 3-0: Base on Balls
|
|
Batting: LHB Mark Backstrom
|
0-0: Foul Ball, location: 2F 0-1: Foul Ball, location: 2F 0-2: Ball 1-2: Ball 2-2: Ground out 4-3 (Groundball, 3, EV 84.4 MPH)
|
| Top of the 6th over - 0 runs, 1 hit, 0 errors, 2 left on base; Helena 12 - Kingsport 13 |
| BOTTOM OF THE 6TH |
|
Kingsport Mets batting - Pitching for Helena Brewers : LHP Jon Ortiz
|
|
Pitching: RHP Mark Frizzell
|
|
|
Batting: LHB Matt Baker
|
0-0: Ball 1-0: Foul Ball, location: 2F 1-1: Ball 2-1: Swinging Strike 2-2: Strikes out swinging
|
|
Batting: RHB Chris Graham
|
0-0: Ball 1-0: Ball 2-0: Foul Ball, location: 2F 2-1: DOUBLE (Line Drive, 9LM, EV 95.6 MPH)
|
|
Batting: RHB Roberto Delgado
|
0-0: Ball 1-0: Ball 2-0: Foul Ball, location: 2F 2-1: Ball 3-1: 2-RUN HOME RUN (Flyball, 7D, EV 95.6 MPH), Distance : 364 ft
|
|
Batting: RHB Coltin Nellis
|
0-0: Foul Ball, location: 2F 0-1: Ball 1-1: Ball 2-1: Swinging Strike 2-2: Ball 3-2: Base on Balls
|
|
Batting: SHB Tyler Maddux
|
0-0: Swinging Strike 0-1: Swinging Strike 0-2: Ball 1-2: Strikes out swinging
|
|
Batting: LHB Jeremy Moorehead
|
0-0: Foul Ball, location: 2F 0-1: 2-RUN HOME RUN (Line Drive, 78XD, EV 110.6 MPH), Distance : 428 ft
|
|
Batting: LHB Dan Bremseth
|
0-0: Ball 1-0: Ball 2-0: Swinging Strike 2-1: Ball 3-1: Base on Balls
|
|
Batting: LHB Miguel Ramos
|
0-0: Fly out, F8 (Flyball, 8RXD, EV 90.0 MPH)
|
| Bottom of the 6th over - 4 runs, 3 hits, 0 errors, 1 left on base; Helena 12 - Kingsport 17 |
| TOP OF THE 7TH |
|
Helena Brewers batting - Pitching for Kingsport Mets : RHP Pat Sprague
|
|
Batting: RHB Michael Dickerson
|
0-0: Ground out 6-3 (Groundball, 6S, EV 83.1 MPH)
|
|
Batting: RHB Alfredo Sena
|
0-0: Fly out, F8 (Flyball, 8LXD, EV 79.4 MPH)
|
|
Batting: RHB Jose Cerritos
|
0-0: Ground out 4-3 (Groundball, 34, EV 86.2 MPH)
|
| Top of the 7th over - 0 runs, 0 hits, 0 errors, 0 left on base; Helena 12 - Kingsport 17 |
| BOTTOM OF THE 7TH |
|
Kingsport Mets batting - Pitching for Helena Brewers : RHP Mark Frizzell
|
|
Batting: SHB Nick Daigle
|
0-0: Ball 1-0: SINGLE (Groundball, 4MD, EV 106.2 MPH)
|
|
Batting: LHB Matt Baker
|
0-0: Called Strike 0-1: Ball 1-1: SINGLE (Line Drive, 7LS, EV 92.5 MPH) Nick Daigle to second
|
|
Batting: RHB Chris Graham
|
0-0: Bunted foul 0-1: Ball Nick Daigle steals 3rd base Matt Baker to second 1-1: Foul Ball, location: 2F 1-2: Strikes out swinging
|
|
Batting: RHB Roberto Delgado
|
0-0: 3-RUN HOME RUN (Flyball, 7LD, EV 95.0 MPH), Distance : 337 ft
|
|
Batting: RHB Coltin Nellis
|
0-0: SOLO HOME RUN (Flyball, 7D, EV 100.0 MPH), Distance : 367 ft
|
|
Pitching: RHP Franklin Arroyo
|
|
|
Batting: SHB Tyler Maddux
|
0-0: Ball 1-0: Swinging Strike 1-1: Foul Ball, location: 2F 1-2: Ball 2-2: Ball 3-2: Base on Balls
|
|
Batting: LHB Jeremy Moorehead
|
0-0: Ball 1-0: Ball 2-0: Ball 3-0: Called Strike 3-1: Foul Ball, location: 2F 3-2: Base on Balls Tyler Maddux to second
|
|
Batting: LHB Dan Bremseth
|
0-0: Called Strike 0-1: 3-RUN HOME RUN (Flyball, 7LD, EV 95.6 MPH), Distance : 354 ft
|
|
Batting: LHB Miguel Ramos
|
0-0: Ball 1-0: SINGLE (Groundball, 34D, EV 98.1 MPH)
|
|
Batting: SHB Nick Daigle
|
0-0: Called Strike 0-1: Called Strike 0-2: Ball 1-2: Foul Ball, location: 2F 1-2: SINGLE (Flyball, 8RS, EV 91.9 MPH) Miguel Ramos to second
|
|
Batting: LHB Matt Baker
|
0-0: Called Strike 0-1: Foul Ball, location: 2F 0-2: Ball 1-2: Fly out, F6 (Popup, 6, EV 53.8 MPH)
|
|
Batting: RHB Chris Graham
|
0-0: Fielders Choice at 2nd, 4-6 (Groundball, 4MD, EV 111.2 MPH)
|
| Bottom of the 7th over - 7 runs, 7 hits, 0 errors, 2 left on base; Helena 12 - Kingsport 24 |
| TOP OF THE 8TH |
|
Helena Brewers batting - Pitching for Kingsport Mets : RHP Pat Sprague
|
|
Batting: RHB Victor Alarcon
|
0-0: Ball 1-0: Ground out U3 (Groundball, 3L, EV 88.1 MPH)
|
|
Batting: RHB Dan Allred
|
0-0: Ball 1-0: Called Strike 1-1: Ball 2-1: Called Strike 2-2: Strikes out swinging
|
|
Pitching: LHP Matt Allert
|
|
|
Batting: SHB Jerry Duffy
|
0-0: Ball 1-0: Ball 2-0: Foul Ball, location: 2F 2-1: Ball 3-1: Base on Balls
|
|
Batting: LHB Karel Hort
|
0-0: Fielders Choice at 2nd, 6-4 (Groundball, 6, EV 84.4 MPH)
|
| Top of the 8th over - 0 runs, 0 hits, 0 errors, 1 left on base; Helena 12 - Kingsport 24 |
| BOTTOM OF THE 8TH |
|
Kingsport Mets batting - Pitching for Helena Brewers : RHP Franklin Arroyo
|
|
Batting: RHB Roberto Delgado
|
0-0: Ball 1-0: Fly out, F7 (Flyball, 78M, EV 93.8 MPH)
|
|
Batting: RHB Coltin Nellis
|
0-0: Called Strike 0-1: Ball 1-1: SINGLE (Groundball, 6MD, EV 99.4 MPH)
|
|
Batting: SHB Tyler Maddux
|
0-0: Called Strike 0-1: Swinging Strike 0-2: Ball 1-2: Ball 2-2: Ball 3-2: DOUBLE (Line Drive, 89D, EV 111.9 MPH) Coltin Nellis to third Runner from 3rd tries for Home, SAFE, no throw by RF
|
|
Batting: LHB Jeremy Moorehead
|
0-0: Called Strike 0-1: Swinging Strike 0-2: Ground out 3-1 (Groundball, 34S, EV 86.9 MPH) Tyler Maddux to third
|
|
Batting: LHB Dan Bremseth
|
0-0: Ball 1-0: Swinging Strike 1-1: Ball 2-1: Foul Ball, location: 2F 2-2: Ball 3-2: Foul Ball, location: 2F 3-2: Foul Ball, location: 2F 3-2: Base on Balls
|
|
Batting: LHB Miguel Ramos
|
0-0: Ball 1-0: Ball 2-0: SINGLE (Groundball, 4MD, EV 103.8 MPH) Tyler Maddux scores Dan Bremseth to second
|
|
Pitching: LHP Danny Bautista
|
|
|
Batting: SHB Nick Daigle
|
0-0: Called Strike 0-1: Ball 1-1: TRIPLE (Flyball, 8LXD, EV 106.2 MPH) Dan Bremseth scores Miguel Ramos scores
|
|
Batting: LHB Matt Baker
|
0-0: Ball 1-0: Ground out 4-3 (Groundball, 34, EV 85.6 MPH)
|
| Bottom of the 8th over - 4 runs, 4 hits, 0 errors, 1 left on base; Helena 12 - Kingsport 28 |
| TOP OF THE 9TH |
|
Helena Brewers batting - Pitching for Kingsport Mets : LHP Matt Allert
|
|
Batting: SHB Orlando Torres
|
0-0: Ball 1-0: Called Strike 1-1: Ground out 6-3 (Groundball, 6, EV 91.9 MPH)
|
|
Batting: LHB Mark Backstrom
|
0-0: Ball 1-0: Foul Ball, location: 2F 1-1: Ball 2-1: Ground out 4-3 (Groundball, 4S, EV 84.4 MPH)
|
|
Batting: RHB Michael Dickerson
|
0-0: Ball 1-0: DOUBLE (Flyball, 8LD, EV 101.2 MPH)
|
|
Batting: RHB Alfredo Sena
|
0-0: Ball 1-0: Ball 2-0: Swinging Strike 2-1: Swinging Strike 2-2: Ball 3-2: Foul Ball, location: 2F 3-2: Ground out 6-3 (Groundball, 6, EV 102.5 MPH)
|
| Top of the 9th over - 0 runs, 1 hit, 0 errors, 1 left on base; Helena 12 - Kingsport 28 |
|